 Dungeon Crawl Stone Soup version 0.28.0-53-g5a82cb258f (webtiles) character file.

Game seed: 5712622883609233744

7849 Gabide the Quickloader (level 11, 0/84 HPs)
             Began as a Barachi Hunter on May 22, 2022.
             Was a Plaything of Xom.
             Slain by a killer bee (1 damage)
             ... on level 10 of the Dungeon.
             The game lasted 00:31:22 (16008 turns).

Gabide the Quickloader (Barachi Hunter)            Turns: 16008, Time: 00:31:22

Health: 0/84       AC:  7    Str: 16      XL:     11   Next: 21%
Magic:  11/11      EV: 16    Int: 10 (11) God:    Xom [..*...]
Gold:   441        SH:  0    Dex: 20      Spells: 10/10 levels left

rFire   . . .      SeeInvis +   t - +5 short sword
rCold   + . .      Faith    .   (no shield)
rNeg    + . .      Spirit   .   x - +0 steam dragon scales
rPois   .          Reflect  .   (helmet restricted)
rElec   .          Harm     .   (no cloak)
rCorr   .          Rampage  .   g - +1 pair of gloves {Dex+3}
Will    ++...                   (no boots)
Stlth   ++........              (no amulet)
HPRegen 0.24/turn               n - ring of positive energy
MPRegen 0.12/turn               (no ring)

@: lethally poisoned (0 -> -9), unable to hop, slow
A: amphibious, slowness 1, strong legs 1, +LOS, fangs 1, horns 1, talons 1, see
invisible, cold resistance 1, strong-willed 2, strong 1
a: Hop, Renounce Religion


You were on level 10 of the Dungeon.
You worshipped Xom.
You were a toy of Xom.
You visited 1 branch of the dungeon, and saw 10 of its levels.

You collected 441 gold pieces.

Inventory:

Hand Weapons
 a - a +3 hand crossbow
 b - a +2 dagger of venom
 t - a +5 short sword (weapon)
 y - a +0 dagger of electrocution
Missiles
 d - 13 bolts
Armour
 g - a +1 pair of gloves of dexterity (worn)
 i - a +0 ring mail
 x - +0 steam dragon scales (worn)
Jewellery
 n - a ring of positive energy (left hand)
 v - a ring of ice
Wands
 l - a wand of iceblast (3)
 r - a wand of flame (11)
 u - a wand of acid (8)
Scrolls
 e - 3 scrolls of fog
 h - a scroll of holy word
 q - a scroll of magic mapping
 w - 2 scrolls of identify
Potions
 c - a potion of flight
 f - 2 potions of brilliance
 o - a potion of cancellation
 z - a potion of resistance


   Skills:
 - Level 7.0 Fighting
 - Level 11.0 Short Blades
 - Level 12.0 Crossbows
 - Level 3.0 Armour
 + Level 5.9 Dodging
 - Level 0.8 Stealth


You had 10 spell levels left.
You didn't know any spells.
Your spell library contained the following spells:

 Spells                   Type           Power      Damage    Failure   Level
 Pain                     Necr           0%         1d4       36%         1
 Slow                     Hex            0%         N/A       36%         1
 Sting                    Tmut/Pois      0%         1d3       36%         1
 Corpse Rot               Necr/Air       0%         N/A       50%         2
 Poisonous Vapours        Pois/Air       0%         N/A       50%         2
 Confusing Touch          Hex            0%         N/A       75%         3
 Vampiric Draining        Necr           0%         2d6       75%         3
 Olgreb's Toxic Radiance  Pois           0%         N/A       98%         4
 Agony                    Necr           0%         N/A       100%        5
 Blade Hands              Tmut           0%         N/A       100%        5
 Excruciating Wounds      Necr           0%         N/A       100%        5
 Irradiate                Conj/Tmut      0%         3d13      100%        5
 Dragon Form              Tmut           0%         N/A       100%        7


Dungeon Overview and Level Annotations

Branches:
Dungeon (10/15)            Temple (0/1) D:5            Lair (0/6) D:9
    Orc (0/2) D:9

Altars:
Ashenzari
Xom

Annotations:
D:9 exclusion: orange crystal statue


Innate Abilities, Weirdness & Mutations

You are amphibious.
You cover ground slowly.
You can hop short distances.
You have an extended range of vision and can be seen from far away.
You have very sharp teeth.
You have a pair of small horns on your head.
You have sharp toenails.
You have supernaturally acute eyesight. (SInv)
Your flesh is cold resistant. (rC+)
You are highly strong-willed. (Will++)
Your muscles are strong. (Str +2)


Message History

Okay, then.
You don't have any unidentified items.
You feel very sick. The killer bee stings you.
* * * LOW HITPOINT WARNING * * *
The killer bee barely misses you.
The killer bee stings you but does no damage. x2
The killer bee misses you.
You feel sick. The killer bee closely misses you.
The killer bee barely misses you.
t - a +5 short sword (weapon)
The killer bee stings you!
* * * LOW HITPOINT WARNING * * *
You are lethally poisoned!
The killer bee poisons you! The killer bee misses you. x2
The killer bee closely misses you.
Unknown command.
Okay, then.
Aiming: Iceblast
Press: ? - help, Shift-Dir - straight line, f/p - yak
Aim: a yak (heavily wounded) That beam is likely to hit you.
Continue anyway?
The mass of ice explodes!
The iceblast engulfs the killer bee!!
You kill the killer bee!
The iceblast engulfs the killer bee!!
You kill the killer bee!
The iceblast engulfs you. You partially resist.
Xom thinks this is hilarious!
* * * LOW HITPOINT WARNING * * *
The iceblast engulfs the yak!
The yak is almost dead.
The iceblast engulfs the killer bee!
The killer bee is severely wounded.
The iceblast engulfs the killer bee!
The killer bee is almost dead.
* * * LOW HITPOINT WARNING * * *
You feel very sick. The killer bee stings you.
You die... "It was about time."

.......######.[#
...............# .....[.
.....# ...... ....######
#. #...# #.........
#..####...# #(........
#.(.......#####(..####..
........†y......(.# .#
........@†Y<......####..#
#........y.....(<......$#
#..#####..#####.((.......
# #..# #.......... #..#
#....###... .... ......#
.. .............#
...............
........###......


You could see a yak and 2 killer bees.

Vanquished Creatures
  A deep elf pyromancer (D:9)
  A troll (D:8)
  Sigmund (D:2)
  3 yaks
  Eustachio (D:5)
  2 steam dragons
  Edmund (D:4)
  5 water moccasins
  3 black bears
  5 sky beasts
  4 orc warriors (D:9)
  An ice beast (D:7)
  A tengu (D:9)
  3 ogres
  5 centaurs
  2 phantoms (D:5)
  8 kobold brigands
  5 bullfrogs
  4 scorpions
  4 gnoll sergeants (D:9)
  A water moccasin skeleton (D:6)
  11 killer bees
  A vampire bat (D:4)
  8 wights (D:6)
  2 howler monkeys (D:8)
  A bullfrog zombie (D:5)
  A centaur zombie (D:8)
  2 hounds (D:6)
  A jelly (D:4)
  A bullfrog skeleton (D:6)
  7 orc priests
  An iguana (D:5)
  A gnoll shaman (D:6)
  Natasha (thrice) (D:2)
  7 orc wizards
  A killer bee zombie (D:7)
  A howler monkey zombie (D:9)
  A howler monkey skeleton (D:4)
  7 gnolls
  15 adders
  A shadow imp (D:7)
  A white imp (D:5)
  2 ufetubi
  2 worms
  3 dart slugs
  28 orcs
  5 ball pythons
  17 bats
  7 endoplasms
  3 giant cockroaches
  8 goblins
  5 hobgoblins
  6 jackals
  2 quokkas
  2 frilled lizards (D:1)
  22 kobolds
  3 rats (D:1)
250 creatures vanquished.

Vanquished Creatures (collateral kills)
  Prince Ribbit (D:5)
1 creature vanquished.

Vanquished Creatures (others)
  38 fungi (D:9)
  56 plants
94 creatures vanquished.

Grand Total: 345 creatures vanquished

Notes
Turn   | Place    | Note
-------+----------+-------------------------------------------
     0 | D:1      | Gabide the Barachi Hunter began the quest for the Orb.
     0 | D:1      | Reached XP level 1. HP: 17/17 MP: 1/1
   284 | D:1      | Reached XP level 2. HP: 21/23 MP: 2/2
   547 | D:1      | Found a faded altar of an unknown god.
   790 | D:1      | Prayed at the altar of an unknown god.
   790 | D:1      | Became a worshipper of Xom of Chaos
   838 | D:1      | XOM: silly message
   842 | D:1      | XOM: give mutation
   842 | D:1      | Gained mutation: You have a beak for a mouth. [Xom's grace]
   847 | D:1      | XOM: cloud trail
   907 | D:1      | Reached XP level 3. HP: 17/28 MP: 3/3
  1048 | D:1      | XOM: give mutations
  1048 | D:1      | Gained mutation: Your muscles are strong. (Str +2) [Xom's
                  | grace]
  1048 | D:1      | Gained mutation: You are partially covered in iridescent
                  | scales. (AC +2) [Xom's grace]
  1048 | D:1      | Lost mutation: You have a beak for a mouth. [Xom's grace]
  1048 | D:1      | Gained mutation: You have very sharp teeth. [Xom's grace]
  1053 | D:1      | Reached skill level 5 in Crossbows
  1436 | D:1      | XOM: god gift: wand of iceblast (5)
  1591 | D:1      | XOM: give mutation
  1591 | D:1      | Gained mutation: Your body sometimes deteriorates upon
                  | taking damage. [Xom's mischief]
  1625 | D:2      | Noticed Sigmund
  1630 | D:2      | XOM: butterfly on damage
  1632 | D:2      | Killed Sigmund
  1633 | D:2      | Reached skill level 6 in Crossbows
  1633 | D:2      | Reached XP level 4. HP: 21/34 MP: 4/4
  1633 | D:2      | Reached XP level 5. HP: 25/39 MP: 5/5
  1757 | D:2      | Identified a scroll of acquirement
  1783 | D:2      | Acquired a +1 pair of gloves of dexterity
  1820 | D:2      | XOM: cloud trail
  2130 | D:2      | Reached skill level 7 in Crossbows
  2148 | D:2      | Reached XP level 6. HP: 44/46 MP: 6/6
  2194 | D:2      | Noticed Natasha
  2206 | D:2      | Killed Natasha
  2540 | D:2      | Noticed Natasha
  2549 | D:2      | Killed Natasha
  3002 | D:2      | Noticed Natasha
  3006 | D:2      | Killed Natasha
  3333 | D:3      | XOM: divination: magic mapping
  3919 | D:4      | Reached skill level 8 in Crossbows
  3919 | D:4      | Reached XP level 7. HP: 51/51 MP: 7/7
  4444 | D:4      | Noticed Edmund
  4446 | D:4      | XOM: enchant monster (good)
  4461 | D:4      | Killed Edmund
  4462 | D:4      | Reached skill level 9 in Crossbows
  4924 | D:5      | Entered Level 5 of the Dungeon
  4958 | D:5      | XOM: fake destruction
  5018 | D:5      | Reached XP level 8. HP: 57/57 MP: 8/8
  5024 | D:5      | XOM: smoke on damage
  5029 | D:5      | Reached skill level 10 in Crossbows
  5029 | D:5      | Reached skill level 1 in Short Blades
  5217 | D:5      | Noticed Eustachio
  5230 | D:5      | Killed Eustachio
  5243 | D:5      | XOM: confuse monster(s)
  5362 | D:5      | XOM: 1-stop teleportation journey
  5474 | D:5      | XOM: cast spell 'Dispersal'
  5474 | D:5      | Noticed Prince Ribbit
  5482 | D:5      | Reached skill level 5 in Short Blades
  5501 | D:5      | XOM: summons friendly crimson imp
  5502 | D:5      | XOM: summons 8 friendly demons
  5504 | D:5      | Killed Prince Ribbit
  5584 | D:5      | XOM: god gift: scroll labelled ARUTIM ECZE {god gift}
  5810 | D:5      | Found a staircase to the Ecumenical Temple.
  5813 | D:5      | Reached XP level 9. HP: 62/62 MP: 9/9
  6576 | D:6      | XOM: confuse monster(s)
  6836 | D:6      | XOM: scenery: 2 doors open
  7250 | D:6      | XOM: 6-stop teleportation journey
  7328 | D:6      | XOM: 3-stop teleportation journey
  7689 | D:6      | Reached skill level 10 in Short Blades
  7837 | D:6      | XOM: give mutations
  7837 | D:6      | Gained mutation: Your flesh is cold resistant. (rC+) [Xom's
                  | grace]
  7837 | D:6      | Gained mutation: You have sharp toenails. [Xom's grace]
  7837 | D:6      | Gained mutation: Your system is resistant to poisons.
                  | (rPois) [Xom's grace]
  7856 | D:6      | XOM: god gift: 41 gold pieces
  7951 | D:6      | Found a broken altar of Ashenzari.
  8048 | D:6      | XOM: god gift: wand of paralysis (5)
  8771 | D:7      | XOM: 1-stop teleportation journey
  9117 | D:7      | Reached XP level 10. HP: 59/68 MP: 10/10
  9582 | D:7      | XOM: give mutations
  9582 | D:7      | Gained mutation: You are strong-willed. (Will+) [Xom's
                  | grace]
  9582 | D:7      | Gained mutation: You are highly strong-willed. (Will++)
                  | [Xom's grace]
  9582 | D:7      | Gained mutation: You have a pair of small horns on your
                  | head. [Xom's grace]
 10136 | D:8      | XOM: 1-stop teleportation journey
 10142 | D:8      | Reached skill level 11 in Crossbows
 10481 | D:8      | XOM: 1-stop teleportation journey
 10678 | D:8      | XOM is BORED!
 10678 | D:8      | XOM: give mutations
 10678 | D:8      | Gained mutation: You have supernaturally acute eyesight.
                  | (SInv) [Xom's mischief]
 10678 | D:8      | Lost mutation: Your body sometimes deteriorates upon taking
                  | damage. [Xom's mischief]
 10678 | D:8      | Lost mutation: You are partially covered in iridescent
                  | scales. (AC +2) [Xom's mischief]
 10781 | D:9      | XOM: noise
 10903 | D:8      | XOM: cloud trail
 11001 | D:9      | XOM: butterfly on damage
 11305 | D:9      | XOM: cast spell 'Cause Fear'
 11330 | D:8      | Reached skill level 12 in Crossbows
 11333 | D:8      | Reached skill level 1 in Armour
 12202 | D:9      | Found a staircase to the Lair.
 12478 | D:8      | XOM: noise
 12516 | D:9      | XOM: enchant monster (bad)
 12523 | D:9      | XOM: silly message
 12532 | D:8      | XOM: cleaving
 12717 | D:8      | XOM: scenery: create altars
 13182 | D:9      | Reached skill level 5 in Fighting
 13412 | D:9      | Noticed an orange crystal statue
 13425 | D:9      | XOM: summons 4 friendly demons
 13783 | D:9      | XOM: 2-stop teleportation journey
 14009 | D:9      | Noticed a deep elf pyromancer
 14027 | D:9      | Killed a deep elf pyromancer
 14032 | D:9      | XOM: stat loss: -1 Str (15/16)
 14042 | D:9      | XOM: silly message
 14103 | D:9      | Found a staircase to the Orcish Mines.
 14114 | D:9      | XOM: stat loss: -1 Dex (19/20)
 14120 | D:9      | Reached XP level 11. HP: 36/84 MP: 11/11
 14120 | D:9      | XOM: silly message
 14140 | D:9      | XOM: summons 1 hostile demon
 14167 | D:9      | XOM: noise
 14176 | D:9      | XOM: enchant monster (bad)
 14180 | D:9      | XOM: chaos cloud
 14382 | D:8      | XOM: summons 1 hostile shadow creature
 14529 | D:9      | HP: 2/84 [gnoll sergeant/+0 spear (10)]
 14565 | D:8      | XOM: noise
 14823 | D:8      | XOM: noise
 14904 | D:9      | Reached skill level 5 in Dodging
 14946 | D:9      | XOM: swap monsters
 14962 | D:9      | XOM: polymorph orc warrior -> tengu
 15190 | D:8      | XOM: torment (36/84 hp)
 15983 | D:10     | Entered Level 10 of the Dungeon
 15985 | D:10     | XOM: swap monsters
 16000 | D:10     | XOM: give mutation
 16000 | D:10     | Lost mutation: Your system is resistant to poisons. (rPois)
                  | [Xom's mischief]
 16008 | D:10     | HP: 4/84 [shot self (6)]
 16008 | D:10     | HP: 1/84 [poisoned by a killer bee]
 16008 | D:10     | Slain by a killer bee

Illustrated notes

Levels and vault maps discovered:
D:1:      lemuel_arrival_broad_hall, layout_rooms, serial_co_window_serial,
          co_window_paths_a, co_window_paths_b, co_window_corner_a,
          co_window_corner_a, co_window_paths_a, co_window_paths_b,
          co_window_paths_a, co_window_2corner, co_window_of_opportunity_c,
          co_window_broadway_b, glass_columns_b, glass_columns_a,
          glass_columns_b, glass_columns_b, glass_columns_c,
          hellmonk_ecumenical_altar_lost_god
D:2:      layout_loops_ring, serial_forest, infiniplex_forest_split,
          infiniplex_forest_clump_double, infiniplex_forest_clump_large,
          infiniplex_forest_split, serial_bayou_lake_a, uniq_natasha,
          uniq_sigmund
D:3:      layout_basic
D:4:      layout_basic, roderic_batcave, corexii_item_surrounded_by_moat,
          uniq_edmund
D:5:      layout_rooms, minmay_temple_entry_proselytizer,
          corexii_hall_statues_deadend, uniq_prince_ribbit1, uniq_eustachio
D:6:      layout_basic, marbit_many_paths
D:7:      layout_loops_corners
D:8:      layout_loops_ring
D:9:      layout_irregular_city, due_lair_maze_entry_diamond,
          kennysheep_orc_monster_closet_entryway, enter_bailey_1, minivault_16
D:10:     layout_small_grid, serial_shops, shop_statue, uniq_joseph, uniq_snorg,
          uniq_maggie

Skill      XL: |  1  2  3  4  5  6  7  8  9 10 11 |
---------------+----------------------------------+-----
Crossbows      | 6 7 8 9 10 12 | 12.0
Short Blades   | 6 10 11 | 11.0
Armour         | 3 |  3.0
Fighting       | 7 |  7.0
Dodging        | 5 |  5.9
Stealth        | |  0.8

Action                   |  1- 3 |  4- 6 |  7- 9 | 10-12 || total
-------------------------+-------+-------+-------+-------++-------
Melee: Short sword       |   102 |    72 |       |    85 ||   259
       Punch             |     1 |       |       |     1 ||     2
       Peck              |     1 |       |       |       ||     1
       Bite              |     7 |     6 |     7 |    27 ||    47
       Dagger            |       |     6 |    87 |    95 ||   188
       Hand crossbow     |       |       |     1 |       ||     1
       Kick              |       |       |     7 |    56 ||    63
       Headbutt          |       |       |       |    49 ||    49
 Fire: Hand crossbow     |    21 |    59 |   320 |   316 ||   716
 Abil: Hop               |       |     1 |     6 |    12 ||    19
Evoke: Wand              |       |       |     1 |     7 ||     8
  Use: Scroll            |       |     9 |     7 |     5 ||    21
       Potion            |       |     2 |     5 |     7 ||    14
 Stab: Petrified         |     3 |       |       |       ||     3
       Sleeping          |     1 |       |       |       ||     1
       Confused          |       |       |     1 |       ||     1
       Paralysed         |       |       |       |     2 ||     2
Armor: Leather armour    |    34 |       |       |       ||    34
       Ring mail         |    15 |    46 |    93 |    39 ||   193
       Steam dragon scal |       |       |       |    62 ||    62
Dodge: Dodged            |    70 |    76 |   102 |   249 ||   497
